[Event "9th RTU Rapid 2019"]
[Site "Riga"]
[Date "2019.08.04"]
[Round "5.31"]
[White "Stabulnieks, Klavs"]
[Black "Germanovs, Georgijs"]
[Result "0-1"]
[WhiteElo "2136"]
[BlackElo "1911"]
[PlyCount "84"]
[EventDate "2019.08.05"]
[EventType "swiss"]
[EventCountry "LAT"]
[TimeControl "5400+30"]
[WhiteClock "0:09:10"]
[BlackClock "0:00:10"]

1. d4 Nf6 2. c4 c5 3. d5 b5 4. cxb5 a6 5. bxa6 Bxa6 6. Nc3 d6 7. Nf3 g6 8. e4 Bxf1 9. Kxf1 Bg7 10. g3 Nbd7 11. Kg2 O-O 12. a4 Qc7 13. Nb5 Qb7 14. Qe2 Ra6 15. Ra3 Nb6 16. b3 Rc8 17. Nd2 Nfd7 18. h4 h5 19. f4 f5 20. Kh2 Nf6 21. exf5 Ng4+ 22. Kh3 Qxd5 23. Re1 Qxf5 24. Kg2 Nd5 25. Nf3 Rb6 26. Ng5 Kh8 27. Ra2 Rxb5 28. axb5 Nc3 29. Qc2 Qd5+ 30. Nf3 Nxa2 31. Qxa2 Ra8 32. Qc2 e5 33. fxe5 Nxe5 34. Re4 Ra2 35. Qxa2 Qxe4 36. Qf2 Nd3 37. Qf1 Nxc1 38. Qxc1 Qe2+ 39. Kh3 Qxf3 40. Qe1 Qxb3 41. Qe8+ Kh7 42. Qe2 c4 0-1

[Event "9th RTU Rapid 2019"]
[Site "Riga"]
[Date "2019.08.04"]
[Round "5.32"]
[White "Jeet, Jain"]
[Black "Laimins, Lauris"]
[Result "1-0"]
[WhiteElo "1828"]
[BlackElo "2123"]
[PlyCount "79"]
[EventDate "2019.08.05"]
[EventType "swiss"]
[EventCountry "LAT"]
[TimeControl "5400+30"]
[WhiteClock "0:01:06"]
[BlackClock "0:08:44"]

1. e4 Nf6 2. d3 d5 3. Nd2 c5 4. g3 Nc6 5. Bg2 e6 6. Ngf3 Be7 7. O-O O-O 8. Qe2 Qc7 9. Re1 Re8 10. e5 Nd7 11. c4 Nb6 12. h4 Bd7 13. h5 Rad8 14. Nf1 dxc4 15. dxc4 Nd4 16. Nxd4 cxd4 17. b3 Bc6 18. Bf4 Nd7 19. Nh2 Bxg2 20. Kxg2 Qc6+ 21. Kg1 d3 22. Qg4 Kh8 23. Rad1 Nc5 24. h6 g6 25. Nf3 a5 26. Bg5 Qc7 27. Qf4 Kg8 28. Bf6 b6 29. Ng5 Rf8 30. Bg7 Bxg5 31. Qxg5 Rfe8 32. Bf6 Rd4 33. Qe3 Qd7 34. Rd2 Re4 35. Qxe4 Nxe4 36. Rxe4 b5 37. Re3 bxc4 38. bxc4 Qc6 39. Rexd3 Qe4 40. Rd8 1-0

[Event "9th RTU Rapid 2019"]
[Site "Riga"]
[Date "2019.08.04"]
[Round "5.33"]
[White "Vernuks, Vjaceslavs"]
[Black "Kopylov, Daniel"]
[Result "0-1"]
[WhiteElo "1724"]
[BlackElo "2103"]
[PlyCount "50"]
[EventDate "2019.08.05"]
[EventType "swiss"]
[EventCountry "LAT"]
[TimeControl "5400+30"]
[WhiteClock "0:05:11"]
[BlackClock "0:04:15"]

1. c4 g6 2. Nc3 Nf6 3. g3 Bg7 4. Bg2 O-O 5. Nf3 d5 6. cxd5 Nxd5 7. O-O c5 8. Qb3 e6 9. a3 Nc6 10. d3 b6 11. Nxd5 Qxd5 12. Qxd5 exd5 13. Rb1 Re8 14. e3 Bf5 15. Ne1 Rad8 16. b3 Ne5 17. e4 dxe4 18. dxe4 Bd7 19. a4 Bc8 20. f4 Ng4 21. Bf3 Bd4+ 22. Kg2 f5 23. e5 Ba6 24. Bxg4 fxg4 25. h4 gxh3+ 0-1

[Event "9th RTU Rapid 2019"]
[Site "Riga"]
[Date "2019.08.04"]
[Round "6.1"]
[White "Svane, Rasmus"]
[Black "Ioannidis, Evgenios"]
[Result "1-0"]
[WhiteElo "2612"]
[BlackElo "2134"]
[PlyCount "59"]
[EventDate "2019.08.05"]
[EventType "swiss"]
[EventCountry "LAT"]
[TimeControl "5400+30"]
[WhiteClock "0:00:38"]
[BlackClock "0:02:03"]

1. d4 d5 2. c4 e6 3. Nf3 Nf6 4. g3 dxc4 5. Bg2 Nc6 6. Qa4 Bb4+ 7. Bd2 Nd5 8. Bxb4 Ndxb4 9. O-O O-O 10. a3 Nd5 11. Qxc4 Nce7 12. Nbd2 a5 13. Rac1 b6 14. Rfe1 Ba6 15. Qc2 Rc8 16. e4 Nf6 17. b4 axb4 18. axb4 Bb5 19. d5 exd5 20. e5 Ne4 21. Nxe4 dxe4 22. Qxe4 Qd3 23. Nd4 c5 24. Nxb5 Qxb5 25. e6 Nc6 26. bxc5 bxc5 27. exf7+ Kh8 28. Bf1 Qa5 29. Qf5 Rb8 30. Bd3 1-0

[Event "9th RTU Rapid 2019"]
[Site "Riga"]
[Date "2019.08.04"]
[Round "6.2"]
[White "Korchmar, Vasiliy"]
[Black "Kopylov, Michael"]
[Result "1/2-1/2"]
[WhiteElo "2413"]
[BlackElo "2414"]
[PlyCount "37"]
[EventDate "2019.08.05"]
[EventType "swiss"]
[EventCountry "LAT"]
[TimeControl "5400+30"]
[WhiteClock "0:10:59"]
[BlackClock "0:13:33"]

1. d4 d5 2. c4 e6 3. Nf3 c6 4. g3 dxc4 5. Bg2 b5 6. Ne5 Bb7 7. O-O Nd7 8. Nc3 Nxe5 9. dxe5 Qc7 10. a4 a6 11. axb5 cxb5 12. Nxb5 axb5 13. Rxa8+ Bxa8 14. Bxa8 Bc5 15. b3 Ne7 16. bxc4 O-O 17. Be4 bxc4 18. Qc2 Ng6 19. Bb2 1/2-1/2

[Event "9th RTU Rapid 2019"]
[Site "Riga"]
[Date "2019.08.04"]
[Round "6.3"]
[White "Gagare, Shardul"]
[Black "Gukesh D"]
[Result "1/2-1/2"]
[WhiteElo "2430"]
[BlackElo "1683"]
[PlyCount "124"]
[EventDate "2019.08.05"]
[EventType "swiss"]
[EventCountry "LAT"]
[TimeControl "5400+30"]
[WhiteClock "0:00:15"]
[BlackClock "0:01:20"]

1. Nf3 Nf6 2. g3 b6 3. Bg2 Bb7 4. O-O e6 5. c4 Be7 6. d4 O-O 7. Re1 d5 8. cxd5 exd5 9. Nc3 a6 10. Ne5 Nbd7 11. Bf4 Bd6 12. Rc1 Re8 13. Nd3 Nf8 14. Qb3 Ne6 15. Bxd6 Qxd6 16. e3 Rac8 17. Qb4 c5 18. dxc5 bxc5 19. Qa3 Re7 20. Na4 Rec7 21. Rc2 Qf8 22. Rec1 c4 23. Qxf8+ Kxf8 24. Ne5 Ke7 25. Nb6 Rb8 26. f4 Rc5 27. Na4 Ra5 28. Nc3 Ba8 29. Rd1 Nc7 30. Rcd2 Rc5 31. g4 Nb5 32. g5 Nxc3 33. bxc3 Nd7 34. Nxd7 Kxd7 35. Bxd5 Bxd5 36. Rxd5+ Rxd5 37. Rxd5+ Ke7 38. Rc5 Rb2 39. a4 Re2 40. Rxc4 Rxe3 41. Kf2 Rh3 42. Rc6 Rxh2+ 43. Ke3 Rh3+ 44. Kd4 Rf3 45. Ke4 Kd7 46. Rc5 Rh3 47. c4 Rc3 48. Kd4 Rf3 49. Rf5 Ke6 50. Re5+ Kd7 51. Ke4 Rc3 52. Kd5 Ra3 53. c5 Rxa4 54. c6+ Kd8 55. c7+ Kxc7 56. Re7+ Kd8 57. Rxf7 Ke8 58. Rxg7 Rxf4 59. Ke6 Re4+ 60. Kf6 Rf4+ 61. Ke6 Re4+ 62. Kf6 Rf4+ 1/2-1/2

[Event "9th RTU Rapid 2019"]
[Site "Riga"]
[Date "2019.08.04"]
[Round "6.4"]
[White "Nevednichy, Vladislav"]
[Black "Pultinevicius, Paulius"]
[Result "0-1"]
[WhiteElo "2495"]
[BlackElo "2501"]
[PlyCount "70"]
[EventDate "2019.08.05"]
[EventType "swiss"]
[EventCountry "LAT"]
[TimeControl "5400+30"]
[WhiteClock "0:00:52"]
[BlackClock "0:00:18"]

1. e4 c6 2. d4 d5 3. exd5 cxd5 4. Bd3 Nc6 5. c3 Nf6 6. h3 g6 7. Nf3 Bg7 8. O-O Qc7 9. Re1 O-O 10. Nbd2 Bf5 11. Nf1 Bxd3 12. Qxd3 e6 13. Bg5 Ne4 14. Bh4 Rab8 15. N3d2 Nd6 16. Bg3 Rbd8 17. Ne3 Qb6 18. Rab1 Rfe8 19. h4 Ne7 20. h5 Nef5 21. hxg6 hxg6 22. Bf4 Nxe3 23. Rxe3 Nf5 24. Rh3 e5 25. Bxe5 Bxe5 26. dxe5 Rxe5 27. Rh2 Rde8 28. g4 Re3 29. Qxd5 Rd8 30. Nc4 Qf6 31. Qxb7 Red3 32. Qe4 Nh4 33. Rxh4 Qxh4 34. Ne3 Rd2 35. Qf4 R8d6 0-1

[Event "9th RTU Rapid 2019"]
[Site "Riga"]
[Date "2019.08.04"]
[Round "6.5"]
[White "Kantans, Toms"]
[Black "Dubrovin, Robert"]
[Result "1-0"]
[WhiteElo "2471"]
[BlackElo "2282"]
[PlyCount "97"]
[EventDate "2019.08.05"]
[EventType "swiss"]
[EventCountry "LAT"]
[TimeControl "5400+30"]
[WhiteClock "0:00:10"]
[BlackClock "0:00:08"]

1. e4 e6 2. c4 d5 3. cxd5 exd5 4. exd5 Nf6 5. Nc3 Nxd5 6. Nf3 Be7 7. d4 O-O 8. Bd3 Nc6 9. O-O Bg4 10. h3 Bh5 11. Bxh7+ Kh8 12. Be4 Nf6 13. Bxc6 bxc6 14. g4 Bg6 15. Ne5 c5 16. d5 Bd6 17. Nxg6+ fxg6 18. Qd3 Qe8 19. Bd2 Qe5 20. f4 Qd4+ 21. Qxd4 cxd4 22. Nb5 Nxd5 23. Nxd6 cxd6 24. Rf3 Rae8 25. Kf2 Nf6 26. Rd1 Ne4+ 27. Kg2 Rc8 28. Rd3 Nxd2 29. R1xd2 Rxf4 30. Kg3 Re4 31. Rxd4 Rxd4 32. Rxd4 Rc2 33. Rb4 a5 34. Rb5 Kg8 35. a4 Kf7 36. Kf3 Ke6 37. Ke3 d5 38. Kd3 Rh2 39. Kd4 Rd2+ 40. Ke3 Rh2 41. Kf4 Rf2+ 42. Kg5 Rf6 43. Rxa5 Ke5 44. b4 Ke4 45. Ra8 Rd6 46. a5 d4 47. a6 Rd7 48. a7 Kd5 49. b5 1-0

[Event "9th RTU Rapid 2019"]
[Site "Riga"]
[Date "2019.08.04"]
[Round "6.6"]
[White "Evchin, Maxim"]
[Black "Vishnu Prasanna. V"]
[Result "0-1"]
[WhiteElo "2269"]
[BlackElo "2465"]
[PlyCount "70"]
[EventDate "2019.08.05"]
[EventType "swiss"]
[EventCountry "LAT"]
[TimeControl "5400+30"]
[WhiteClock "0:04:03"]
[BlackClock "0:02:44"]

1. d4 Nf6 2. Bg5 c5 3. Bxf6 exf6 4. c3 d5 5. e3 Nc6 6. Nd2 cxd4 7. exd4 Bd6 8. Bd3 O-O 9. Ne2 Re8 10. Qc2 g6 11. O-O Ne7 12. Ng3 Kg7 13. Rfe1 Be6 14. Re2 Bg4 15. Ree1 h5 16. Ngf1 Qc7 17. h3 Bd7 18. Ne3 b5 19. a3 a6 20. Be2 Rad8 21. Bf3 Bc6 22. b4 a5 23. Nb3 a4 24. Nc5 f5 25. Re2 f4 26. Nd1 Qc8 27. Nb2 Nf5 28. Rae1 Nh4 29. Qd3 Rxe2 30. Bxe2 Re8 31. Rd1 Qd8 32. Bf1 Qg5 33. Kh1 f3 34. g3 Bxg3 35. fxg3 Qxg3 0-1

[Event "9th RTU Rapid 2019"]
[Site "Riga"]
[Date "2019.08.04"]
[Round "6.7"]
[White "Krivonosov, Oleg"]
[Black "Wedda, Dries"]
[Result "1-0"]
[WhiteElo "2445"]
[BlackElo "2234"]
[PlyCount "51"]
[EventDate "2019.08.05"]
[EventType "swiss"]
[EventCountry "LAT"]
[TimeControl "5400+30"]
[WhiteClock "0:06:22"]
[BlackClock "0:10:59"]

1. Nf3 c5 2. c4 Nc6 3. d4 cxd4 4. Nxd4 Nf6 5. Nc3 e6 6. Bg5 Be7 7. e3 O-O 8. Be2 d5 9. cxd5 exd5 10. O-O Be6 11. Rc1 Ne5 12. Nxe6 fxe6 13. Qb3 Rb8 14. Bf4 Nfd7 15. Nxd5 exd5 16. Qxd5+ Nf7 17. Bxb8 Nxb8 18. Qxb7 Bd6 19. Bc4 Qf6 20. Bxf7+ Rxf7 21. Rc8+ Rf8 22. Rxf8+ Kxf8 23. Rc1 Qe7 24. Rc8+ Kf7 25. Rxb8 Bxb8 26. Qxb8 1-0

[Event "9th RTU Rapid 2019"]
[Site "Riga"]
[Date "2019.08.04"]
[Round "6.8"]
[White "Grinev, Valeriy"]
[Black "Saduakassova, Dinara"]
[Result "0-1"]
[WhiteElo "2287"]
[BlackElo "2437"]
[PlyCount "72"]
[EventDate "2019.08.05"]
[EventType "swiss"]
[EventCountry "LAT"]
[TimeControl "5400+30"]
[WhiteClock "0:02:46"]
[BlackClock "0:02:21"]

1. d4 Nf6 2. Nf3 e6 3. e3 b6 4. Bd3 Bb7 5. O-O g6 6. c4 Bg7 7. Nc3 d5 8. cxd5 exd5 9. b4 O-O 10. a4 Ne4 11. Qb3 Nxc3 12. Qxc3 c6 13. Bb2 Nd7 14. Qb3 a5 15. bxa5 Rxa5 16. Bc3 Ra7 17. a5 c5 18. dxc5 Nxc5 19. Qc2 Bxc3 20. Qxc3 Nxd3 21. axb6 Rxa1 22. Rxa1 Nxf2 23. Kxf2 Qxb6 24. Qd4 Qc7 25. Ne5 Bc8 26. Qb2 Bf5 27. Rc1 Rb8 28. Qa1 Qb6 29. Nc6 Qb2+ 30. Kg1 Be4 31. Qxb2 Rxb2 32. Nd8 Rxg2+ 33. Kf1 Rc2 34. Rxc2 Bxc2 35. Kf2 Be4 36. Kg3 d4 0-1

[Event "9th RTU Rapid 2019"]
[Site "Riga"]
[Date "2019.08.04"]
[Round "6.9"]
[White "Omelja, Artem"]
[Black "Vedrickas, Tautvydas"]
[Result "1-0"]
[WhiteElo "2436"]
[BlackElo "2231"]
[PlyCount "155"]
[EventDate "2019.08.05"]
[EventType "swiss"]
[EventCountry "LAT"]
[TimeControl "5400+30"]
[WhiteClock "0:00:12"]
[BlackClock "0:07:06"]

1. d4 g6 2. c4 Bg7 3. e4 d6 4. Nc3 Nc6 5. d5 Nd4 6. Be3 c5 7. dxc6 Nxc6 8. Qd2 Be6 9. Nf3 h6 10. Nd4 Bd7 11. Be2 Nf6 12. h3 Nxd4 13. Bxd4 O-O 14. O-O Bc6 15. Bd3 e6 16. Rad1 b6 17. f4 e5 18. Be3 exf4 19. Bxf4 g5 20. Bh2 Re8 21. Qf2 Qe7 22. Bc2 Rad8 23. Kh1 Kh8 24. Rfe1 Nh5 25. Nd5 Bxd5 26. exd5 Qf6 27. Qxf6 Bxf6 28. b4 Nf4 29. Bg1 Kg7 30. Ba4 Rxe1 31. Rxe1 Bc3 32. Rb1 Ne2 33. Bf2 f5 34. g3 f4 35. gxf4 Nxf4 36. Kh2 Nd3 37. Rb3 Nxf2 38. Rxc3 Rf8 39. Re3 Rf4 40. Bb5 Ne4 41. Ra3 Rf2+ 42. Kg1 Rf7 43. Re3 Rf4 44. Ra3 Rf7 45. Be8 Re7 46. Bc6 Kf6 47. Rf3+ Ke5 48. Rf8 Kd4 49. Bb5 Nd2 50. Rc8 Ke3 51. Kg2 Rf7 52. Re8+ Ne4 53. c5 bxc5 54. bxc5 Rf2+ 55. Kg1 Rb2 56. Bf1 Kf3 57. c6 Rc2 58. c7 Rxc7 59. Bg2+ Kg3 60. Rxe4 Rc1+ 61. Bf1 Rd1 62. Rg4+ Kf3 63. Ra4 h5 64. Rxa7 g4 65. hxg4 hxg4 66. Ra3+ Ke4 67. Kf2 Kxd5 68. Be2 Rd2 69. Ke3 Rb2 70. Bxg4 Kc5 71. Be6 d5 72. Kd3 Kd6 73. Bg8 Rg2 74. Ra8 Rg3+ 75. Kc2 d4 76. Bb3 Rc3+ 77. Kd2 Rg3 78. Ra5 1-0

[Event "9th RTU Rapid 2019"]
[Site "Riga"]
[Date "2019.08.04"]
[Round "6.10"]
[White "Bracker, Arne"]
[Black "Galchenko, Matvey"]
[Result "1/2-1/2"]
[WhiteElo "2227"]
[BlackElo "2360"]
[PlyCount "88"]
[EventDate "2019.08.05"]
[EventType "swiss"]
[EventCountry "LAT"]
[TimeControl "5400+30"]
[WhiteClock "0:07:41"]
[BlackClock "0:00:16"]

1. e4 e6 2. d4 d5 3. Nc3 Bb4 4. e5 Ne7 5. a3 Bxc3+ 6. bxc3 c5 7. Qg4 cxd4 8. Qxg7 Rg8 9. Qxh7 Qc7 10. Ne2 Nbc6 11. f4 Bd7 12. h4 dxc3 13. h5 O-O-O 14. Qd3 d4 15. h6 Rg6 16. Rb1 Nf5 17. h7 Rh8 18. a4 Qa5 19. Qb5 b6 20. Rh3 Rg7 21. Qxa5 Nxa5 22. Rb4 Nc6 23. Rc4 Kb8 24. Kf2 a6 25. g3 b5 26. axb5 axb5 27. Rc5 Nb4 28. Bg2 Na6 29. Ba3 Rgxh7 30. Rxh7 Rxh7 31. g4 Ne3 32. Nxd4 Nxg4+ 33. Kg3 Ne3 34. Be4 Rg7+ 35. Kf3 Nxc5 36. Bxc5 Nc4 37. Bd3 Kb7 38. Bb4 Bc6+ 39. Nxc6 Kxc6 40. Bxc3 Kc5 41. Ke4 Rg3 42. Bd4+ Kb4 43. c3+ Kb3 44. Bxc4+ Kxc4 1/2-1/2

[Event "9th RTU Rapid 2019"]
[Site "Riga"]
[Date "2019.08.04"]
[Round "6.11"]
[White "Radkov, Bazhen D."]
[Black "Maltsevskaya, Aleksandra"]
[Result "1/2-1/2"]
[WhiteElo "2133"]
[BlackElo "2321"]
[PlyCount "80"]
[EventDate "2019.08.05"]
[EventType "swiss"]
[EventCountry "LAT"]
[TimeControl "5400+30"]
[WhiteClock "0:00:44"]
[BlackClock "0:00:26"]

1. d4 Nf6 2. c4 g6 3. Nc3 Bg7 4. e4 d6 5. Nf3 O-O 6. Be2 e5 7. d5 a5 8. Bg5 h6 9. Bh4 Na6 10. Nd2 Nc5 11. O-O g5 12. Bg3 Ne8 13. b3 f5 14. f3 f4 15. Bf2 Nf6 16. a3 g4 17. fxg4 Qe8 18. h3 Qg6 19. Re1 Rf7 20. b4 axb4 21. axb4 Rxa1 22. Qxa1 Na6 23. Qb1 h5 24. gxh5 Nxh5 25. Kh2 Bf6 26. Bf3 Ng3 27. c5 Rh7 28. Ne2 Qh6 29. Ng1 Bh4 30. cxd6 cxd6 31. Nc4 Nf5 32. exf5 Bxf2 33. Re2 Bd4 34. b5 Nc7 35. Be4 Ne8 36. Nf3 Bc5 37. f6 Nxf6 38. Bxh7+ Nxh7 39. Qc2 Ng5 40. Ncxe5 Bxh3 1/2-1/2

[Event "9th RTU Rapid 2019"]
[Site "Riga"]
[Date "2019.08.04"]
[Round "6.12"]
[White "Kiik, Kalle"]
[Black "Zhukov, Anton"]
[Result "1-0"]
[WhiteElo "2308"]
[BlackElo "2087"]
[PlyCount "104"]
[EventDate "2019.08.05"]
[EventType "swiss"]
[EventCountry "LAT"]
[TimeControl "5400+30"]
[WhiteClock "0:00:11"]
[BlackClock "0:03:02"]

1. e4 c5 2. c3 Nf6 3. e5 Nd5 4. d4 e6 5. c4 Nc7 6. Nf3 cxd4 7. Nxd4 d6 8. exd6 Bxd6 9. Nc3 O-O 10. Bd3 Be7 11. O-O Bf6 12. Be3 g6 13. Be2 e5 14. Ndb5 Nxb5 15. Nxb5 Nc6 16. Bf3 Be6 17. Bd5 a6 18. Nc3 Nd4 19. Bxe6 Nxe6 20. Nd5 Bg5 21. Qd2 Bxe3 22. fxe3 f5 23. Rad1 Qh4 24. Qb4 Rf7 25. Qd6 Re8 26. Qxe5 Nc7 27. Qf4 Qxf4 28. exf4 Re4 29. Nb6 Ne6 30. g3 Nd4 31. Rf2 Rfe7 32. Kg2 R7e6 33. Nd7 b6 34. c5 b5 35. Rfd2 Nc6 36. a3 a5 37. Nb6 Ne7 38. Kf1 Rc6 39. Rd8+ Kg7 40. Nd7 Rce6 41. Rb8 b4 42. axb4 axb4 43. Ne5 Nc6 44. Rd7+ Re7 45. Rbb7 Kf6 46. Nxc6 Re1+ 47. Kg2 R7e2+ 48. Kh3 g5 49. Rf7+ Kg6 50. Rg7+ Kf6 51. fxg5+ Ke6 52. Nd4+ Kd5 1-0

[Event "9th RTU Rapid 2019"]
[Site "Riga"]
[Date "2019.08.04"]
[Round "6.13"]
[White "Dhyana Patel"]
[Black "Lavendelis, Egons"]
[Result "0-1"]
[WhiteElo "1900"]
[BlackElo "2292"]
[PlyCount "86"]
[EventDate "2019.08.05"]
[EventType "swiss"]
[EventCountry "LAT"]
[TimeControl "5400+30"]
[WhiteClock "0:00:21"]
[BlackClock "0:01:00"]

1. e4 c5 2. Nf3 Nc6 3. Bb5 g6 4. Bxc6 dxc6 5. h3 Bg7 6. d3 Qc7 7. Be3 Bxb2 8. Nbd2 Bxa1 9. Qxa1 Nf6 10. Bxc5 O-O 11. Bd4 Ne8 12. O-O f6 13. Qc3 Be6 14. Nb3 b6 15. Be3 c5 16. Bh6 Rf7 17. e5 Ng7 18. Re1 Bd5 19. Nh2 f5 20. Nd4 Qc8 21. Ndf3 Ne6 22. Qd2 b5 23. Ng5 Nxg5 24. Qxg5 e6 25. Nf1 Bxa2 26. Ng3 Qd8 27. Qf4 b4 28. Ra1 Bd5 29. Bg5 Qc7 30. Re1 a5 31. h4 a4 32. h5 b3 33. cxb3 axb3 34. hxg6 hxg6 35. Qc1 Qb6 36. Bf6 Rh7 37. Qg5 Kf7 38. Ne2 b2 39. Nc3 Ra1 40. Qd2 b1=Q 41. Nxb1 Rxb1 42. Bg5 Qb4 43. f3 Rxe1+ 0-1

[Event "9th RTU Rapid 2019"]
[Site "Riga"]
[Date "2019.08.04"]
[Round "6.14"]
[White "Ciolek, Andreas"]
[Black "Wagner, Dennis"]
[Result "0-1"]
[WhiteElo "2158"]
[BlackElo "2473"]
[PlyCount "92"]
[EventDate "2019.08.05"]
[EventType "swiss"]
[EventCountry "LAT"]
[TimeControl "5400+30"]
[WhiteClock "0:00:43"]
[BlackClock "0:00:07"]

1. e4 e5 2. Nf3 Nc6 3. Bc4 d6 4. c3 h6 5. d3 g5 6. h3 Bg7 7. Bb3 Nf6 8. Nbd2 d5 9. Qe2 O-O 10. Nf1 a5 11. Ng3 a4 12. Bc2 b6 13. Rb1 dxe4 14. dxe4 Ba6 15. Qe3 Re8 16. Nf5 Nh5 17. g3 Qf6 18. h4 Nf4 19. Rg1 Rad8 20. Nxg7 Qxg7 21. hxg5 hxg5 22. b4 axb3 23. axb3 Nd3+ 24. Bxd3 Rxd3 25. Qe2 g4 26. Nh4 Ne7 27. c4 Red8 28. Be3 Bb7 29. c5 Bxe4 30. cxb6 Rxe3 31. Qxe3 Bxb1 32. bxc7 Ra8 33. Qc1 Bd3 34. Qc3 e4 35. Qxg7+ Kxg7 36. Kd2 Ra2+ 37. Ke3 Nd5+ 38. Kd4 Nxc7 39. Nf5+ Kf6 40. Ne3 Ke6 41. Nxg4 Kd6 42. Rg2 f5 43. Nh6 Ne6+ 44. Kc3 Rc2+ 45. Kb4 e3 46. fxe3 Rxg2 0-1

[Event "9th RTU Rapid 2019"]
[Site "Riga"]
[Date "2019.08.04"]
[Round "6.15"]
[White "Kopylov, Daniel"]
[Black "Bulmaga, Irina"]
[Result "0-1"]
[WhiteElo "2103"]
[BlackElo "2434"]
[PlyCount "74"]
[EventDate "2019.08.05"]
[EventType "swiss"]
[EventCountry "LAT"]
[TimeControl "5400+30"]
[WhiteClock "0:05:29"]
[BlackClock "0:00:07"]

1. e4 c5 2. Nf3 d6 3. d4 cxd4 4. Nxd4 Nf6 5. Nc3 a6 6. Be3 e5 7. Nf3 Be7 8. Bc4 O-O 9. O-O b5 10. Bd5 b4 11. Bxa8 bxc3 12. bxc3 Qc7 13. Rb1 Nbd7 14. Bd5 Nxd5 15. Qxd5 Nf6 16. Qd3 Bb7 17. Nd2 d5 18. Bg5 dxe4 19. Qc4 Rc8 20. Bxf6 gxf6 21. Qxc7 Rxc7 22. Rb3 f5 23. Rfb1 Bc6 24. c4 f4 25. Re1 f5 26. g4 fxg3 27. Rxg3+ Kf7 28. Rh3 Kg6 29. Kf1 Bg5 30. Ke2 f4 31. f3 Bd7 32. Nxe4 Bxh3 33. Rg1 h6 34. c5 Kf7 35. Kd2 Bf5 36. Nd6+ Ke6 37. Ne8 Rxc5 0-1

[Event "9th RTU Rapid 2019"]
[Site "Riga"]
[Date "2019.08.04"]
[Round "6.16"]
[White "Suleymenov, Alisher"]
[Black "Mota, Pankit"]
[Result "1-0"]
[WhiteElo "2348"]
[BlackElo "1841"]
[PlyCount "65"]
[EventDate "2019.08.05"]
[EventType "swiss"]
[EventCountry "LAT"]
[TimeControl "5400+30"]
[WhiteClock "0:03:16"]
[BlackClock "0:00:23"]

1. d4 d5 2. c4 c6 3. Nf3 Nf6 4. g3 Bg4 5. Ne5 Bf5 6. Nc3 e6 7. Bg2 Bb4 8. O-O O-O 9. Qb3 Qe7 10. Bg5 h6 11. Bxf6 gxf6 12. Nf3 a5 13. a3 dxc4 14. Qxc4 b5 15. Qb3 Bxc3 16. Qxc3 b4 17. Qd2 Kg7 18. axb4 a4 19. Rfc1 Be4 20. Nh4 Bxg2 21. Nxg2 Rd8 22. Nf4 e5 23. Nh5+ Kg6 24. Qc2+ f5 25. dxe5 Qxe5 26. Nf4+ Kg7 27. Ra3 Rd4 28. Rf3 Re4 29. Nd3 Qd5 30. Nc5 Na6 31. Nxe4 fxe4 32. Rf4 Nxb4 33. Qc3+ 1-0

[Event "9th RTU Rapid 2019"]
[Site "Riga"]
[Date "2019.08.04"]
[Round "6.17"]
[White "Smirnova, Ekaterina"]
[Black "Miedema, David"]
[Result "1/2-1/2"]
[WhiteElo "2134"]
[BlackElo "2313"]
[PlyCount "75"]
[EventDate "2019.08.05"]
[EventType "swiss"]
[EventCountry "LAT"]
[TimeControl "5400+30"]
[WhiteClock "0:12:28"]
[BlackClock "0:07:19"]

1. d4 Nf6 2. c4 g6 3. Nc3 d5 4. e3 Bg7 5. cxd5 Nxd5 6. Nxd5 Qxd5 7. Ne2 O-O 8. Nc3 Qd6 9. Be2 Nd7 10. O-O c5 11. d5 Rd8 12. e4 e6 13. dxe6 Qxe6 14. Bg5 Re8 15. Nd5 Qxe4 16. Nc7 Qxe2 17. Qxe2 Rxe2 18. Nxa8 Nf8 19. Nc7 Ne6 20. Nxe6 Bxe6 21. Rad1 Bd4 22. Rd2 Rxd2 23. Bxd2 Bxa2 24. Ra1 Bd5 25. Bc3 Bxc3 26. bxc3 b5 27. Rxa7 b4 28. cxb4 cxb4 29. Ra5 Be6 30. Rb5 b3 31. f4 h5 32. Kf2 Kg7 33. Ke3 Kf6 34. g3 Bc4 35. Rb4 Be6 36. Rb5 Bc4 37. Rb4 Be6 38. Rb5 1/2-1/2

[Event "9th RTU Rapid 2019"]
[Site "Riga"]
[Date "2019.08.04"]
[Round "6.18"]
[White "Germanovs, Georgijs"]
[Black "Afanasiev, Vadim"]
[Result "0-1"]
[WhiteElo "1911"]
[BlackElo "2241"]
[PlyCount "52"]
[EventDate "2019.08.05"]
[EventType "swiss"]
[EventCountry "LAT"]
[TimeControl "5400+30"]
[WhiteClock "0:07:33"]
[BlackClock "0:12:48"]

1. e4 d6 2. d4 Nf6 3. Nc3 g6 4. f4 Bg7 5. Nf3 O-O 6. e5 dxe5 7. fxe5 Nd5 8. Nxd5 Qxd5 9. Bd3 Bg4 10. Be3 Nc6 11. c4 Qa5+ 12. Bd2 Qb6 13. c5 Qxb2 14. Rb1 Bxf3 15. Rxb2 Bxd1 16. Kxd1 Nxd4 17. Rxb7 Bxe5 18. Re1 f6 19. Bc3 Rfd8 20. Bxd4 Rxd4 21. Kc2 Rad8 22. Rd1 a5 23. c6 Kg7 24. Ra7 R8d5 25. Ra6 Rc5+ 26. Kb3 Rb4+ 0-1

[Event "9th RTU Rapid 2019"]
[Site "Riga"]
[Date "2019.08.04"]
[Round "6.19"]
[White "Chibukhchyan, Erik"]
[Black "Shailesh, Dravid"]
[Result "1/2-1/2"]
[WhiteElo "2231"]
[BlackElo "2134"]
[PlyCount "306"]
[EventDate "2019.08.05"]
[EventType "swiss"]
[EventCountry "LAT"]
[TimeControl "5400+30"]
[WhiteClock "0:00:33"]
[BlackClock "0:00:08"]

1. e4 c5 2. Nf3 d6 3. d4 Nf6 4. Nc3 cxd4 5. Qxd4 Nc6 6. Bb5 Bd7 7. Bxc6 Bxc6 8. O-O e6 9. Bg5 Be7 10. Rfd1 O-O 11. a4 h6 12. Bh4 a6 13. a5 Qc7 14. Bg3 Rfd8 15. Nd2 e5 16. Qe3 Bd7 17. Nf1 Be6 18. Qe2 b6 19. Ne3 bxa5 20. Ned5 Nxd5 21. Nxd5 Bxd5 22. Rxd5 Rab8 23. c3 Qb6 24. Ra2 a4 25. Qc4 a3 26. b4 Rdc8 27. Qd3 Qc6 28. Rxa3 Rxb4 29. h4 Rc4 30. Rda5 Qxe4 31. Qxe4 Rxe4 32. Rxa6 f5 33. Ra7 Bf8 34. h5 Rec4 35. Rd7 Rxc3 36. Raa7 f4 37. Bh4 Re8 38. f3 Rd3 39. Kh2 Rd2 40. Kh3 d5 41. Be1 Rd1 42. Bb4 Rh1+ 43. Kg4 Rh2 44. g3 Rg2 45. Be1 Kh8 46. Rxd5 fxg3 47. Bxg3 e4 48. fxe4 Rxe4+ 49. Kf3 Rge2 50. Ra8 R2e3+ 51. Kf2 Re2+ 52. Kf1 Re8 53. Rdd8 Rxd8 54. Rxd8 Ra2 55. Rxf8+ Kh7 56. Rf5 Rb2 57. Bf2 Ra2 58. Kg2 Ra6 59. Bd4 Rd6 60. Be5 Re6 61. Bd4 Kg8 62. Kg3 g5 63. hxg6 Rxg6+ 64. Kh4 Rg5 65. Rf6 Kh7 66. Be3 Rg6 67. Rf7+ Rg7 68. Rf6 Rg6 69. Rf5 Re6 70. Bf4 Kg6 71. Rc5 Re4 72. Kg3 Re6 73. Kg4 Ra6 74. Rh5 Kg7 75. Be5+ Kg6 76. Bf4 Ra4 77. Rxh6+ Kg7 78. Rc6 Ra5 79. Bg5 Kf7 80. Rf6+ Kg7 81. Rb6 Kf7 82. Bf4 Rc5 83. Kf3 Rc4 84. Be5 Ra4 85. Ke3 Ke7 86. Bd4 Kd7 87. Ke4 Ra5 88. Be5 Ra2 89. Kd5 Ra5+ 90. Ke4 Ra2 91. Bd4 Ra5 92. Rg6 Ke7 93. Be5 Ra2 94. Kf5 Kd7 95. Rd6+ Ke7 96. Rh6 Kd7 97. Ke4 Ra4+ 98. Bd4 Ra5 99. Kd3 Rf5 100. Ke4 Ra5 101. Rh7+ Ke6 102. Rb7 Rh5 103. Rb6+ Ke7 104. Be5 Rh1 105. Bf6+ Kf7 106. Bg5 Re1+ 107. Kf5 Rf1+ 108. Bf4 Ke7 109. Rb7+ Kd8 110. Kg5 Kc8 111. Rc7+ Kd8 112. Rf7 Ke8 113. Kg6 Rg1+ 114. Kf6 Rf1 115. Re7+ Kd8 116. Re4 Kd7 117. Rc4 Rf2 118. Kf5 Rf1 119. Rc7+ Kd8 120. Rc4 Kd7 121. Kf6 Rf2 122. Ke5 Re2+ 123. Kd5 Rf2 124. Be5 Rd2+ 125. Bd4 Rh2 126. Ra4 Rd2 127. Ra7+ Kd8 128. Kc5 Ke8 129. Kd5 Kd8 130. Ke5 Kc8 131. Ra4 Kb7 132. Kd6 Rd1 133. Rb4+ Kc8 134. Kc6 Rh1 135. Bc5 Rh7 136. Bd6 Rc7+ 137. Kd5 Rb7 138. Rh4 Rg7 139. Rh8+ Kd7 140. Be5 Rg1 141. Rh7+ Kd8 142. Bd6 Rd1+ 143. Kc6 Rc1+ 144. Bc5 Ke8 145. Re7+ Kd8 146. Rf7 Re1 147. Rf8+ Re8 148. Rf6 Re1 149. Rf8+ Re8 150. Rf7 Re1 151. Rf8+ Re8 152. Rf1 Re2 153. Rf8+ Re8 1/2-1/2